 Dungeon Crawl Stone Soup version 0.21.1-1-g345015f (webtiles) character file.

93 AdmiralAndromeda the Conjurer (level 4, 0/33 HPs)
             Began as a Draconian Conjurer on May 13, 2018.
             Slain by an orc priest
             ... wielding a +0 war axe
              (1 damage)
             ... on level 3 of the Dungeon.
             The game lasted 00:06:40 (3867 turns).

AdmiralAndromeda the Conjurer (Draconian Conjurer)  Turns: 3867, Time: 00:06:41

Health: 0/33       AC:  6    Str: 11    XL:     4   Next: 36%
Magic:  2/7        EV: 12    Int: 16    God:
Gold:   156        SH:  0    Dex: 11    Spells: 2/7 levels left

rFire    + . .     SeeInvis .   h - +0 dagger
rCold    . . .     Gourm    .   (no shield)
rNeg     . . .     Faith    .   (armour unavailable)
rPois    .         Spirit   .   (helmet restricted)
rElec    .         Reflect  .   (no cloak)
rCorr    .         Harm     .   (no gloves)
MR       .....                  p - +0 pair of boots
Stlth    ++........             (no amulet)
HPRegen  0.11/turn              k - ring of protection from fire
MPRegen  0.10/turn              (no ring)

@: no status effects
A: unfitting armour, cold-blooded, AC +5
a: no special abilities


You were on level 3 of the Dungeon.
You were not hungry.

You visited 1 branch of the dungeon, and saw 3 of its levels.

You collected 156 gold pieces.

Inventory:

Hand Weapons
 e - a +0 club
 h - a +0 dagger (weapon)
Armour
 p - a +0 pair of boots (worn)
Jewellery
 k - a ring of protection from fire (left hand)
 y - an uncursed amulet of faith {unknown}
Scrolls
 f - a scroll of amnesia {unknown}
 g - 2 scrolls of remove curse {unknown}
 j - a scroll of enchant armour {unknown}
 l - a scroll of enchant weapon {unknown}
 o - 4 scrolls of identify {unknown}
 r - 4 scrolls of teleportation {unknown}
 t - 3 scrolls of immolation {unknown}
 u - a scroll of magic mapping {unknown}
 v - a scroll of random uselessness {unknown}
 x - a scroll of noise {unknown}
Potions
 c - 4 potions of heal wounds {unknown}
 d - a potion of degeneration {unknown}
 i - a potion of agility {unknown}
 m - 2 potions of curing {unknown}
 n - a potion of lignification {unknown}
 q - a potion of flight {unknown}
 s - a potion of brilliance {unknown}
 w - a potion of mutation {unknown}
Books
 a - a book of Conjurations

   Spells                             Type                      Level
   a - Magic Dart                     Conjuration                  1
   b - Searing Ray                    Conjuration                  2
   c - Dazzling Spray                 Conjuration/Hexes            3
   d - Fulminant Prism                Conjuration/Hexes            4
   e - Force Lance                    Conjuration/Translocation    4
   f - Iskenderun's Mystic Blast      Conjuration                  4
Comestibles
 b - 4 rations


   Skills:
 - Level 1.7 Dodging
 * Level 2.3 Stealth
 + Level 2.3 Spellcasting
 * Level 5.4 Conjurations


You had 2 spell levels left.
You knew the following spells:

 Your Spells              Type           Power        Failure   Level  Hunger
a - Magic Dart            Conj           ###.         2%          1    #......
z - Force Lance           Conj/Tloc      ##......     54%         4    #####..


Dungeon Overview and Level Annotations

Branches:
Dungeon (3/15)

Altars:
Gozag

Annotations:
D:3 salinator123's ghost, weakling GrBe


Innate Abilities, Weirdness & Mutations

Your plain brown scales are hard. (AC +5)
You cannot fit into any form of body armour.
You are cold-blooded and may be slowed by cold attacks.


Message History

Aiming: Magic Dart
Press: ? - help, Shift-Dir - straight line, f/p - orc priest
Aim: an orc priest, wielding a war axe and wearing a leather armour (heavily wounded)
The magic dart hits the orc priest.
The orc priest is severely wounded.
The orc priest closely misses you.
You hit the orc priest but do no damage.
The orc priest is severely wounded.
You hit the orc priest but do no damage.
The orc priest is severely wounded.
The orc priest hits you with a war axe!
You hit the orc priest.
The orc priest is severely wounded.
The orc priest invokes the aid of Beogh against you.
Beogh smites you!
* * * LOW HITPOINT WARNING * * *
You hit the orc priest but do no damage.
The orc priest is severely wounded.
The orc priest hits you with a war axe.
You die...

#########
#.......# ########
#.#####.# ......)#
#.# #.#
######.###.#####.#
#..............#.#
#.#....###†###.#@#
.......# #....ro.#
#.#...## #####.###
.<....# ####.
#.##..# #... ..#
#.# #.##..# #.##
#.####.# #.##..#
#.# ##...##.#
#.....## #.#
..#.##.# ##.....##
#.#####...##.#


You could see an orc priest and a quokka.

Vanquished Creatures
  3 adders
  2 oozes
  A worm (D:3)
  2 dart slugs
  2 leopard geckos (D:3)
  2 orcs (D:3)
  6 bats
  4 goblins
  3 hobgoblins
  5 jackals
  A frilled lizard (D:1)
  8 kobolds
  9 rats
48 creatures vanquished.

Notes
Turn   | Place    | Note
-------+----------+-------------------------------------------
     0 | D:1      | AdmiralAndromeda the Draconian Conjurer began the quest for the Orb.
     0 | D:1      | Reached XP level 1. HP: 14/14 MP: 3/3
   771 | D:1      | Reached XP level 2. HP: 20/20 MP: 0/5
  1785 | D:2      | Reached XP level 3. HP: 22/26 MP: 4/6
  1846 | D:2      | Found a faded altar of an unknown god.
  1905 | D:2      | Reached skill level 5 in Conjurations
  2226 | D:2      | Found an opulent altar of Gozag.
  2736 | D:3      | Reached XP level 4. HP: 24/33 MP: 2/7
  3165 | D:3      | Learned a level 4 spell: Force Lance
  3530 | D:3      | Noticed salinator123's ghost (weakling GrBe)
  3866 | D:3      | HP: 1/33 [orc priest/divine providence (14)]
  3867 | D:3      | Slain by an orc priest

Skill      XL: |  1  2  3 |
---------------+----------+-----
Stealth        | 2 |  2.3
Conjurations   | 5 |  5.4
Dodging        | |  1.7
Spellcasting   | |  2.3

Action                   |  1- 3 |  4- 6 || total
-------------------------+-------+-------++-------
Melee: Club              |    12 |       ||    12
       Tailslap          |     9 |     5 ||    14
       Dagger            |    74 |    33 ||   107
 Cast: Magic Dart        |    52 |    28 ||    80
 Stab: Sleeping          |     2 |     4 ||     6
  Eat: Chunk             |     5 |     3 ||     8
       Ration            |       |     1 ||     1
Armor: Skin              |    33 |     7 ||    40
Dodge: Dodged            |    73 |    24 ||    97
